 Dungeon Crawl Stone Soup version 0.24.0-7-gb3623d2c88 (webtiles) character file.

Game seed: 3236861896444288522, levelgen mode: classic

420 EnegeticOcto the Vandal (level 6, -3/43 HPs)
             Began as an Octopode Hunter on Nov 2, 2019.
             Killed from afar by an orc wizard (9 damage)
             ... with a puff of flame
             ... on level 3 of the Dungeon.
             The game lasted 00:06:46 (4781 turns).

EnegeticOcto the Vandal (Octopode Hunter)           Turns: 4781, Time: 00:06:46

Health: -3/43      AC:  1    Str: 12    XL:     6   Next: 94%
Magic:  6/6        EV: 15    Int: 13    God:
Gold:   195        SH:  0    Dex: 17    Spells: 5/5 levels left

rFire    . . .     SeeInvis .   a - +1 hunting sling
rCold    + . .     Gourm    .   (no shield)
rNeg     . . .     Faith    .   (helmet restricted)
rPois    .         Spirit   .   (no amulet)
rElec    .         Reflect  .   n - ring of protection from cold
rCorr    .         Harm     .   (no ring)
MR       .....                  l - +3 ring of dexterity
Stlth    ++++......             (no ring)
HPRegen  0.14/turn              (no ring)
MPRegen  0.10/turn              (no ring)
                                (no ring)
                                (no ring)

@: no status effects
A: almost no armour, stealthy swim, amphibious, 8 rings, constrict 8, camouflage
1, gelatinous body 1
a: no special abilities


You were on level 3 of the Dungeon.
You were not hungry.

You visited 1 branch of the dungeon, and saw 4 of its levels.
You also visited: Sewer.

You collected 195 gold pieces.

Inventory:

Hand Weapons
 a - a +1 hunting sling (weapon)
 b - a +0 short sword
Missiles
 c - 2 sling bullets (quivered)
 i - 103 stones
 k - 3 silver javelins
Jewellery
 l - a +3 ring of dexterity (on tentacle)
 n - a ring of protection from cold (left tentacle)
Wands
 o - a wand of enslavement (4)
 u - a wand of flame (5)
Scrolls
 p - a scroll of random uselessness {unknown}
 r - a scroll of fear {unknown}
 s - a scroll of remove curse {@r2}
Potions
 d - a potion of cancellation
 f - 3 potions of might {@q3 !q}
 g - 5 potions of heal wounds {@q2 !q}
 h - a potion of ambrosia {unknown}
 j - a potion of haste {@q4 !q}
 m - 6 potions of curing {unknown}
 q - 4 potions of agility {unknown}
Comestibles
 e - 4 rations
 t - 8 chunks of flesh


   Skills:
 + Level 3.9 Fighting
 + Level 5.2 Slings
 + Level 3.8 Dodging
 + Level 5.0 Stealth


You had 5 spell levels left.
You didn't know any spells.
Your spell library was empty.

Dungeon Overview and Level Annotations

Branches:
Dungeon (4/15)              Sewer (visited)
 Temple: D:4-7

Altars:
Qazlal
Trog


Innate Abilities, Weirdness & Mutations

You cannot wear most types of armour.
You are very stealthy in the water. (Stealth+)
You are amphibious.
You can wear up to eight rings at the same time.
You can use your tentacles to constrict eight enemies at once.
Your skin changes colour to match your surroundings (Stealth+).
Your rubbery body absorbs attacks. (AC +1, EV +1)


Message History

There are monsters nearby!
Firing (i - inventory. (/) - cycle)
c - 21 sling bullets (quivered)
Press: ? - help, Shift-Dir - straight line, f/p - orc
Aim: an orc, wielding a +0 short sword and wearing a +0 leather armour You shoot a sling bullet.
The sling bullet hits the orc!
You kill the orc!
No target in view!
No target in view!
No target in view!
No target in view!
c - 21 sling bullets (gained 1)
The orc wizard casts a spell.
The orc wizard flickers and vanishes!
Deactivating autopickup; reactivate with Ctrl-A.
There is a strange disturbance nearby!
No target in view!
No target in view!
No target in view!
Firing (i - inventory. (/) - cycle)
c - 21 sling bullets (quivered)
Press: ? - help, Shift-Dir - straight line You shoot a sling bullet.
Firing (i - inventory. (/) - cycle)
c - 20 sling bullets (quivered)
Press: ? - help, Shift-Dir - straight line You shoot a sling bullet.
Firing (i - inventory. (/) - cycle)
c - 19 sling bullets (quivered)
Press: ? - help, Shift-Dir - straight line You shoot a sling bullet.
Firing (i - inventory. (/) - cycle)
c - 18 sling bullets (quivered)
Press: ? - help, Shift-Dir - straight line You shoot a sling bullet.
Something hits you but does no damage.
Firing (i - inventory. (/) - cycle)
c - 17 sling bullets (quivered)
Press: ? - help, Shift-Dir - straight line You shoot a sling bullet.
Something hits you.
Firing (i - inventory. (/) - cycle)
c - 16 sling bullets (quivered)
Press: ? - help, Shift-Dir - straight line You shoot a sling bullet.
Something hits you.
Firing (i - inventory. (/) - cycle)
c - 15 sling bullets (quivered)
Press: ? - help, Shift-Dir - straight line You shoot a sling bullet.
Something hits you.
Firing (i - inventory. (/) - cycle)
c - 14 sling bullets (quivered)
Press: ? - help, Shift-Dir - straight line You shoot a sling bullet.
Something barely misses you.
Firing (i - inventory. (/) - cycle)
c - 13 sling bullets (quivered)
Press: ? - help, Shift-Dir - straight line You shoot a sling bullet.
Something hits you but does no damage.
Firing (i - inventory. (/) - cycle)
c - 12 sling bullets (quivered)
Press: ? - help, Shift-Dir - straight line You shoot a sling bullet.
Something hits you.
Firing (i - inventory. (/) - cycle)
c - 11 sling bullets (quivered)
Press: ? - help, Shift-Dir - straight line You shoot a sling bullet.
You hear some strange, mumbled words.
You are confused.
Firing (i - inventory. (/) - cycle)
c - 10 sling bullets (quivered)
Press: ? - help, Shift-Dir - straight line You shoot a sling bullet.
Something hits you but does no damage.
Firing (i - inventory. (/) - cycle)
c - 9 sling bullets (quivered)
Press: ? - help, Shift-Dir - straight line You shoot a sling bullet.
Something hits you.
Firing (i - inventory. (/) - cycle)
c - 8 sling bullets (quivered)
Press: ? - help, Shift-Dir - straight line You shoot a sling bullet.
Something hits you.
You bump into the rock wall.
Something hits you.
You bump into the rock wall.
Something barely misses you.
You clumsily bash something but do no damage.
You squeeze something.
You feel less confused. Something hits you.
You miss something.
Something hits you but does no damage. x2
You barely miss something. Something barely misses you.
Firing (i - inventory. (/) - cycle)
c - 7 sling bullets (quivered)
Press: ? - help, Shift-Dir - straight line You shoot a sling bullet.
Something hits you.
Firing (i - inventory. (/) - cycle)
c - 6 sling bullets (quivered)
Press: ? - help, Shift-Dir - straight line You shoot a sling bullet.
Something hits you.
Firing (i - inventory. (/) - cycle)
c - 5 sling bullets (quivered)
Press: ? - help, Shift-Dir - straight line You shoot a sling bullet.
Something barely misses you.
Firing (i - inventory. (/) - cycle)
c - 4 sling bullets (quivered)
Press: ? - help, Shift-Dir - straight line You shoot a sling bullet.
Something barely misses you.
Firing (i - inventory. (/) - cycle)
c - 3 sling bullets (quivered)
Press: ? - help, Shift-Dir - straight line You shoot a sling bullet.
Something hits you.
Evoke which item? (* to show all) (? for menu, Esc to quit)
Aiming: Throw Flame
Press: ? - help, Shift-Dir - straight line You hear some strange, mumbled words.
A magic dart appears from out of thin air!
The magic dart hits you!
* * * LOW HITPOINT WARNING * * *
Evoke which item? (* to show all) (? for menu, Esc to quit)
Aiming: Throw Flame
Press: ? - help, Shift-Dir - straight line An orc wizard appears from thin air!
Reactivating autopickup.
The orc wizard casts a spell at you. The puff of flame hits you!
You die...

...................._....###
.......#.........#.....#...####
.......##.......##....≈#......###
####...#####.#######.###...##....
#>..#.....##.# ##..#............#
###....##.##.###..##.......####..
.####.....#..##...÷÷.####### ###.
.#.##.......#(((.##### #...
.#.###......((##@# #...
##[........)...#o# #...
#######........#(# ###...
#####.>..#...(###########.....
#........#......##........####
#.###....##.(.............# ##.#
##...##(..............# ## #..#
##......(...........## #. ##.##
###...#..............####.


You could see an orc wizard.

Vanquished Creatures
  2 big kobolds (Sewer)
  An orc priest (D:4)
  An orc wizard (D:3)
  Terence (D:3)
  Natasha (twice) (D:3)
  A worker ant (D:2)
  2 adders
  2 worms (D:3)
  2 dart slugs
  5 leopard geckos
  4 orcs (D:3)
  11 bats
  7 giant cockroaches
  2 goblins (D:2)
  11 hobgoblins
  3 jackals (D:1)
  2 quokkas
  7 ball pythons
  4 frilled lizards
  17 kobolds
  11 rats
98 creatures vanquished.

Vanquished Creatures (others)
  A howler monkey skeleton (D:3)
1 creature vanquished.

Grand Total: 99 creatures vanquished

Notes
Turn   | Place    | Note
-------+----------+-------------------------------------------
     0 | D:1      | EnegeticOcto the Octopode Hunter began the quest for the
                  | Orb.
     0 | D:1      | Reached XP level 1. HP: 14/14 MP: 1/1
   264 | D:1      | Reached XP level 2. HP: 14/19 MP: 2/2
   962 | D:1      | You fall into a shaft and drop 1 floor!
   976 | D:2      | Reached XP level 3. HP: 4/25 MP: 3/3
  2161 | D:2      | Reached XP level 4. HP: 15/30 MP: 4/4
  3313 | D:3      | Found a glowing drain.
  3350 | Sewer    | Entered a sewer
  3435 | Sewer    | Noticed a big kobold
  3435 | Sewer    | Noticed a big kobold
  3469 | Sewer    | Killed a big kobold
  3469 | Sewer    | Reached XP level 5. HP: 36/36 MP: 5/5
  3783 | Sewer    | Killed a big kobold
  3783 | Sewer    | Reached skill level 5 in Slings
  3783 | Sewer    | Reached XP level 6. HP: 42/42 MP: 6/6
  4041 | D:3      | Found a bloodstained altar of Trog.
  4077 | D:3      | Noticed Terence
  4087 | D:3      | Killed Terence
  4652 | D:3      | Found a stormy altar of Qazlal.
  4692 | D:3      | Noticed Natasha
  4694 | D:3      | Killed Natasha
  4738 | D:3      | Noticed Natasha
  4745 | D:3      | Killed Natasha
  4745 | D:3      | Reached skill level 5 in Stealth
  4781 | D:3      | Killed from afar by an orc wizard

Levels and vault maps discovered:
D:1:      lightli_arrival_chessboard, layout_basic
D:2:      layout_basic, serial_forest, infiniplex_forest_end_2,
          infiniplex_forest_clump_diagonal, infiniplex_forest_lined_2,
          infiniplex_forest_lined_room_3, infiniplex_forest_lined_room_2,
          infiniplex_forest_lined_2, infiniplex_forest_lined_ring,
          infiniplex_forest_lined_corner, infiniplex_forest_clump_diagonal
D:3:      layout_rooms, lemuel_round_altar, portal_sewer_entry_e,
          grunt_qazlal_clouds, uniq_natasha, uniq_terence
D:4:      layout_basic, minmay_temple_entry_from_below_b, minmay_liquid_box,
          minmay_misc_feat_alley, uniq_pikel

Skill      XL: |  1  2  3  4  5  6 |
---------------+-------------------+-----
Stealth        | 2 3 4 5 |  5.0
Fighting       | 3 |  3.9
Dodging        | 3 |  3.8
Slings         | 5 |  5.2

Action                   |  1- 3 |  4- 6 || total
-------------------------+-------+-------++-------
Melee: Hunting sling     |       |     5 ||     5
       Tentacles         |       |     2 ||     2
 Fire: Hunting sling     |   136 |   256 ||   392
Evoke: Wand              |       |     4 ||     4
  Use: Scroll            |     7 |     1 ||     8
       Potion            |       |     1 ||     1
  Eat: Chunk             |     4 |     4 ||     8
       Ration            |       |     1 ||     1
Armor: Skin              |     7 |     8 ||    15
Dodge: Dodged            |    38 |    68 ||   106
